 Dungeon Crawl Stone Soup version 0.30-a0-1161-g0704695555 (webtiles) character file.

Game seed: 2200175825107967353

92 funkygono the Covered (level 4, 0/40 HPs)
             Began as a Minotaur Fighter on Apr 27, 2023.
             Slain by a water moccasin (4 damage)
             ... in a sewer.
             The game lasted 00:02:00 (1289 turns).

funkygono the Covered (Minotaur Fighter)            Turns: 1289, Time: 00:02:01

Health: 0/40       AC: 12    Str: 23    XL:     4   Next: 35%
Magic:  3/3        EV:  6    Int:  5    God:
Gold:   62         SH:  4    Dex:  9    Spells: 3/3 levels left

rFire   . . .        a - +0 war axe
rCold   . . .        c - +0 buckler
rNeg    . . .        g - +0 plate armour
rPois   .            (helmet restricted)
rElec   .            (no cloak)
rCorr   .            (no gloves)
SInv    .            (no boots)
Will    +....        (no amulet) Stlth
                     l - ring of willpower
HPRegen 0.26/turn    (no ring)
MPRegen 0.08/turn

%: no passive effects
@: lethally poisoned (0 -> -5)
A: horns 2, retaliatory headbutt
a: no special abilities


You were in a sewer.
You visited 1 branch of the dungeon, and saw 3 of its levels.
You also visited: Sewer.

You collected 62 gold pieces.

Inventory:

Hand Weapons
 a - a +0 war axe (weapon)
Missiles
 f - 4 boomerangs (quivered)
 j - 3 atropa-tipped darts
Armour
 c - a +0 buckler (worn)
 g - a +0 plate armour (worn)
Jewellery
 l - a ring of willpower (left hand)
Scrolls
 b - a scroll of fear {unknown}
 e - a scroll of blinking {unknown}
Potions
 d - a potion of might
 h - 2 potions of brilliance {unknown}
 i - a potion of degeneration {unknown}
 k - 3 potions of heal wounds {unknown}
 m - a potion of mutation {unknown}


   Skills:
 + Level 4.1 Fighting
 + Level 3.9 Axes
 + Level 4.8 Armour
 + Level 3.9 Shields


You had 3 spell levels left.
You didn't know any spells.
Your spell library was empty.

Dungeon Overview and Level Annotations

Branches:
Dungeon (3/15)              Sewer (1/1)

Altars:


Innate Abilities, Weirdness & Mutations

You have a pair of horns on your head.
You reflexively headbutt those who attack you in melee.


Message History

The water moccasin bites you but does no damage.
The water moccasin closely misses you.
You closely miss the water moccasin.
Your headbutt misses the water moccasin.
The water moccasin bites you but does no damage.
The water moccasin bites you.
You are poisoned.
The water moccasin poisons you!
You closely miss the water moccasin.
You feel very sick. The water moccasin bites you.
You closely miss the water moccasin.
Your headbutt misses the water moccasin.
You feel sick.
The water moccasin bites you but does no damage. x2
You closely miss the water moccasin.
You feel sick.
The water moccasin bites you but does no damage. x2
You miss the water moccasin.
You feel sick.
The water moccasin bites you but does no damage. x2
You hit the water moccasin but do no damage.
Your headbutt misses the water moccasin.
You feel sick. The water moccasin bites you.
You block the water moccasin's attack.
You miss the water moccasin.
You feel sick.
You are no longer poisoned.
The water moccasin bites you but does no damage.
The water moccasin bites you.
You are poisoned.
The water moccasin poisons you!
You slash the water moccasin!
The water moccasin is moderately wounded.
You feel very sick. The water moccasin bites you!
* * * LOW HITPOINT WARNING * * *
The water moccasin bites you but does no damage.
You miss the water moccasin.
The water moccasin is moderately wounded.
* * * LOW HITPOINT WARNING * * *
You feel sick. The water moccasin bites you.
You die...

#.~.#.~.#
#..###..##
#..~ #~~.#
#~.# ##.~#
#.. #..#
#. #..#
##.~#
#.~.#
#@.##
#.S.#
~~~.##
#.~.~~#
##~..##
#~~. .#.#
[[#.


You could see a water moccasin.

Vanquished Creatures
  3 gnolls (D:2)
  An adder (D:2)
  A river rat (D:3)
  A dart slug (D:1)
  4 ball pythons
  2 endoplasms (D:1)
  4 giant cockroaches
  2 goblins
  3 hobgoblins
  4 jackals (D:1)
  A kobold (D:1)
  4 quokkas
  4 frilled lizards
  8 rats
42 creatures vanquished.

Notes
Turn   | Place    | Note
-------+----------+-------------------------------------------
     0 | D:1      | funkygono the Minotaur Fighter began the quest for the Orb.
     0 | D:1      | Reached XP level 1. HP: 19/19 MP: 0/0
   273 | D:1      | Reached XP level 2. HP: 27/27 MP: 1/1
   384 | D:1      | Found a faded altar of an unknown god.
   905 | D:2      | Reached XP level 3. HP: 33/33 MP: 2/2
   939 | D:2      | Reached XP level 4. HP: 13/40 MP: 3/3
  1046 | D:2      | You fall into a shaft and drop 1 floor!
  1220 | D:3      | Found a glowing drain.
  1227 | Sewer    | Entered a sewer
  1276 | Sewer    | Noticed a water moccasin
  1289 | Sewer    | Slain by a water moccasin

Illustrated notes

Levels and vault maps discovered:
D:1:      dpeg_arrival_prison, layout_loops_ring,
          shapermc_ecumenical_altar_notcrosses, chequers_serial_rivers_micro_d,
          minivault_27
D:2:      layout_basic, serial_shops, shop
D:3:      layout_rooms, gup_sewer_entry_bubbles, hangedman_decor_push,
          kennysheep_flooded_box
Sewer:    sewer_the_moccasin

Skill      XL: |  1  2  3 |
---------------+----------+-----
Armour         | 4 |  4.8
Axes           | 3 |  3.9
Fighting       | 4 |  4.1
Shields        | |  3.9

Action                     |  1- 3 |  4- 6 || total
---------------------------+-------+-------++-------
  Melee: War axe           |    62 |    38 ||   100
         Headbutt          |     7 |     4 ||    11
 Armour: Plate armour      |    42 |    28 ||    70
         Scale mail        |     1 |       ||     1
  Dodge: Dodged            |    19 |    11 ||    30
  Block: Buckler           |    14 |     4 ||    18

Table legend: (Time is in decaauts)
 A = Elapsed time spent in this place.
 B = Non-inter-level travel time spent in this place.
 C = Inter-level travel time spent in this place.
 D = Time resting spent in this place.
 E = Time spent auto-exploring this place.
 F = Levels seen in this place.
 G = Mean time per level.
                   A        B        C        D        E       F      G
               +--------+--------+--------+--------+--------+-----+--------+
         Total |   1346 |   1277 |     69 |     50 |    830 |   4 |  336.5 |
       Dungeon |   1276 |   1207 |     69 |     50 |    777 |   3 |  425.3 |
         Sewer |     70 |     70 |      0 |      0 |     52 |   1 |   70.0 |
               +--------+--------+--------+--------+--------+-----+--------+

Top non-repeatable levels by time:
     D:1: 885 daAuts
     D:3: 205 daAuts
     D:2: 185 daAuts
   Sewer: 70 daAuts
